 Dungeon Crawl Stone Soup version 0.22.1-1-ga44c0e56f4 (webtiles) character file.

1119538 Americanboy the Conqueror (level 27, -15/179 HPs)
             Began as a Gargoyle Hunter on Sept 22, 2018.
             Was the Champion of Okawaru.
             Killed from afar by a shard shrike (64 damage)
             ... with a shard of ice
             ... created by the effects of Hell
             ... on level 4 of Cocytus.
             The game lasted 03:46:00 (85799 turns).

Americanboy the Conqueror (Gargoyle Hunter)        Turns: 85799, Time: 03:46:01

Health: -15/179    AC: 54    Str: 14    XL:     27
Magic:  35/39      EV:  6    Int: 20    God:    Okawaru [******]
Gold:   4979       SH:  0    Dex: 23    Spells: 8/60 levels left

rFire    + . .     SeeInvis +   j - +9 longbow (freeze)
rCold    + . .     Gourm    .   (shield currently unavailable)
rNeg     + . .     Faith    .   z - +3 crystal plate armour "Keuf" {+Inv Slay+3}
rPois    ∞         Spirit   .   (helmet restricted)
rElec    +         Reflect  .   D - scarf {rC+ rF+}
rCorr    .         Harm     +   J - +2 pair of gloves {archery}
MR       ++...     Rnd*Rage +   w - +2 pair of boots Stlth ..........Rnd*Tele +
                                K - amulet of harm
HPRegen  0.39/turn              Y - +5 ring of slaying
MPRegen  0.26/turn              U - ring "Facad" {Int+2 Dex+6 Slay+3 SInv}

@: finesse, flying, studying Armour
A: antennae 1, big wings, molten scales 1, berserk 3, clever 2, clumsy 1,
deformed body, frail 1, low mp 1, negative energy resistance 1, screaming 1,
electricity resistance, teleportitis 1, weak 2, unbreathing, petrification
resistance, rot immunity, AC +20
}: 11/15 runes: decaying, serpentine, slimy, silver, obsidian, abyssal, demonic,
glowing, magical, fiery, dark
a: Stop Flying, Heroism, Finesse, Renounce Religion, Evoke Invisibility


You were on level 4 of Cocytus.
You worshipped Okawaru.
Okawaru was exalted by your worship.
You were hungry.

You visited 14 branches of the dungeon, and saw 67 of its levels.
You visited Pandemonium 2 times, and saw 12 of its levels.
You visited the Abyss 3 times.
You visited 1 bazaar.
You also visited: Sewer, Ice Cave and Wizlab.

You collected 15827 gold pieces.
You spent 10848 gold pieces at shops.

Inventory:

Hand Weapons
 j - a +9 longbow of freezing (weapon)
 k - a +6 longbow of flaming
 R - a +2 triple crossbow of velocity
Missiles
 d - 847 arrows (quivered)
 u - 2 throwing nets
Armour
 w - a +2 pair of boots (worn)
 z - the +3 crystal plate armour "Keuf" (worn) {+Inv Slay+3}
   (Okawaru gifted it to you on level 13 of the Dungeon)

   It affects your accuracy and damage with ranged weapons and melee attacks
   (+3).
   It lets you turn invisible.
 D - a scarf of resistance (worn)
 J - a +2 pair of gloves of archery (worn)
 O - the +0 pair of gloves of the Battered Places {+Blink rCorr Int+2 Dex+4}
   (You found it on level 5 of the Pits of Slime)

   It affects your intelligence (+2).
   It affects your dexterity (+4).
   It lets you blink.
   It provides partial protection from all sources of acid and corrosion.
 X - the +0 helmet of the Abyss {+Fly rN+ Str+4 Int+2}
   (Okawaru gifted it to you on level 3 of the Crypt)

   It affects your strength (+4).
   It affects your intelligence (+2).
   It protects you from negative energy.
   It lets you fly.
Magical Staves
 E - an uncursed staff of power
Jewellery
 b - an uncursed ring of magical power
 C - the ring of Equilibrium {Wiz Str-5 Int+6 SInv}
   (You found it on level 5 of the Depths)

   [ring of wizardry]

   It improves your spell success rate.
   It affects your strength (-5).
   It affects your intelligence (+6).
   It lets you see invisible.
 K - an amulet of harm (around neck)
 U - the ring "Facad" (right hand) {Int+2 Dex+6 Slay+3 SInv}
   (You found it on level 5 of the Vaults)

   [ring of slaying]

   It affects your intelligence (+2).
   It affects your dexterity (+6).
   It affects your accuracy and damage with ranged weapons and melee attacks
   (+3).
   It lets you see invisible.
 Y - a +5 ring of slaying (left hand)
Wands
 g - a wand of iceblast (83)
 G - a wand of digging (56)
 Q - a wand of clouds (11)
Scrolls
 c - 36 scrolls of remove curse
 i - 11 scrolls of amnesia
 m - 11 scrolls of enchant armour
 o - 10 scrolls of magic mapping
 r - 24 scrolls of teleportation
 x - 3 scrolls of blinking
 F - 14 scrolls of fog
 H - 8 scrolls of fear
 L - a scroll of holy word
 N - 4 scrolls of enchant weapon
 T - 3 scrolls of summoning
Potions
 a - 4 potions of invisibility
 e - 8 potions of lignification
 h - 3 potions of heal wounds
 l - 19 potions of curing
 n - 7 potions of ambrosia
 p - 13 potions of brilliance
 q - 7 potions of agility
 s - 12 potions of might
 v - 5 potions of resistance
 A - 7 potions of berserk rage
 B - 4 potions of magic
 I - 11 potions of haste
 V - 5 potions of cancellation
Books
 Z - a manual of Armour
Miscellaneous
 t - a fan of gales
 P - 6 phantom mirrors
Comestibles
 f - 71 rations


   Skills:
 O Level 27 Fighting
   Level 2.9(6.6) Short Blades
   Level 9.3(9.6) Long Blades
 O Level 27 Bows
 + Level 21.2 Armour
 + Level 5.2 Dodging
 + Level 4.6 Stealth
 * Level 17.3 Spellcasting
 * Level 9.3 Conjurations
 * Level 15.9 Hexes
 * Level 15.7 Charms
 * Level 11.2 Necromancy
 * Level 15.6 Translocations
 * Level 8.6 Fire Magic
 * Level 8.4 Ice Magic
 * Level 11.2 Air Magic
 * Level 15.0 Earth Magic
 + Level 13.7 Invocations
 + Level 2.8 Evocations


You had 8 spell levels left.
You knew the following spells:

 Your Spells              Type           Power        Failure   Level  Hunger
a - Glaciate              Conj/Ice       ######....   100%        9    #######
c - Borgnjor's Vile Clut  Necr/Erth      ######....   30%         5    ##.....
e - Shatter               Erth           ######....   100%        9    #######
f - Cause Fear            Hex            ######....   3%          4    None
g - Deflect Missiles      Chrm/Air       ######....   80%         6    #####..
h - Fire Storm            Conj/Fire      ######....   100%        9    #######
q - Shroud of Golubria    Chrm/Tloc      ######....   1%          2    None
r - Regeneration          Chrm/Necr      ######....   2%          3    None
s - Song of Slaying       Chrm           ######..     1%          2    None
w - Portal Projectile     Hex/Tloc       ######       1%          3    None

Your spell library contained the following spells:

 Spells                   Type           Power        Failure   Level  Hunger
 Apportation              Tloc           ######       1%          1    None
 Confusing Touch          Hex            ######       1%          1    None
 Corona                   Hex            ######.      1%          1    None
 Infusion                 Chrm           ####         1%          1    None
 Sandblast                Erth           ######       1%          1    None
 Blink                    Tloc           N/A          1%          2    None
 Slow                     Hex            ######..     1%          2    None
 Swiftness                Chrm/Air       ######..     1%          2    None
 Confuse                  Hex            ######..     1%          3    None
 Gell's Gravitas          Tloc           ######....   1%          3    None
 Lesser Beckoning         Tloc           ######....   1%          3    None
 Spectral Weapon          Hex/Chrm       ######..     1%          3    None
 Teleport Other           Tloc           ######..     1%          3    None
 Tukima's Dance           Hex            ######..     1%          3    None
 Animate Skeleton         Necr           N/A          2%          1    None
 Pain                     Necr           ####         2%          1    None
 Ensorcelled Hibernation  Hex/Ice        ######       2%          2    None
 Shock                    Conj/Air       ####         3%          1    None
 Corpse Rot               Necr           N/A          3%          2    None
 Passage of Golubria      Tloc           N/A          3%          4    None
 Dazzling Spray           Conj/Hex       ######       4%          3    None
 Inner Flame              Hex/Fire       ######..     4%          3    None
 Ozocubu's Armour         Chrm/Ice       ######..     4%          3    None
 Stone Arrow              Conj/Erth      ######       4%          3    None
 Leda's Liquefaction      Hex/Erth       ######....   4%          4    None
 Magic Dart               Conj           ####         5%          1    None
 Flame Tongue             Conj/Fire      #####        6%          1    None
 Vampiric Draining        Necr           ######....   7%          3    None
 Freeze                   Ice            ####         8%          1    None
 Searing Ray              Conj           ######       8%          2    None
 Throw Frost              Conj/Ice       ######       10%         2    None
 Static Discharge         Conj/Air       ######..     11%         3    None
 Fulminant Prism          Conj/Hex       ######....   13%         4    None
 Force Lance              Conj/Tloc      ######..     14%         4    None
 Lee's Rapid Deconstruct  Erth           ######....   14%         5    ##.....
 Passwall                 Tmut/Erth      #####...     16%         2    None
 Conjure Flame            Conj/Fire      ######..     19%         3    None
 Airstrike                Air            ######....   22%         4    None
 Animate Dead             Necr           N/A          22%         4    None
 Silence                  Hex/Air        ######....   24%         5    ##.....
 Summon Guardian Golem    Hex/Summ       #####...     26%         3    None
 Excruciating Wounds      Chrm/Necr      ######....   26%         5    ##.....
 Recall                   Summ/Tloc      N/A          28%         3    None
 Sting                    Conj/Pois      ####         34%         1    None
 Poisonous Vapours        Pois/Air       #####.       34%         2    None
 Iskenderun's Battlesphe  Conj/Chrm      ######..     36%         5    ##.....
 Mephitic Cloud           Conj/Pois/Air  #####...     38%         3    None
 Iskenderun's Mystic Bla  Conj           ######..     45%         4    None
 Throw Icicle             Conj/Ice       ######..     52%         4    None
 Agony                    Necr           ######..     54%         5    ##.....
 Dispel Undead            Necr           ######..     54%         5    ##.....
 Bolt of Magma            Conj/Fire/Erth ######....   56%         5    ##.....
 Bolt of Draining         Conj/Necr      ######....   67%         5    ##.....
 Lightning Bolt           Conj/Air       ######....   67%         5    ##.....
 Petrify                  Tmut/Erth      #####...     71%         4    None
 Fireball                 Conj/Fire      ######....   86%         5    ##.....
 Ignite Poison            Fire/Tmut/Pois ####....     91%         3    None
 Summon Butterflies       Summ           ###.....     93%         1    None
 Summon Small Mammal      Summ           ###.         93%         1    None
 Summon Lightning Spire   Summ/Air       #####...     93%         4    None
 Summon Mana Viper        Hex/Summ       #####...     94%         5    ##.....
 Iron Shot                Conj/Erth      ######....   94%         6    #####..
 Summon Forest            Summ/Tloc      #####.....   95%         5    ##.....
 Call Imp                 Summ           ###.....     98%         2    None
 Death Channel            Necr           ######....   98%         6    #####..
 Summon Ice Beast         Ice/Summ       ####....     99%         4    None
 Conjure Ball Lightning   Conj/Air       ######....   99%         6    #####..
 Simulacrum               Ice/Necr       ######....   99%         6    #####..
 Call Canine Familiar     Summ           ###.....     100%        3    None
 Spider Form              Tmut/Pois      ###.......   100%        3    None
 Olgreb's Toxic Radiance  Pois           ###.....     100%        4    None
 Aura of Abjuration       Summ           ###.......   100%        5    ##.....
 Irradiate                Conj/Tmut      #####.....   100%        5    ##.....
 Summon Demon             Summ           ###.......   100%        5    ##.....
 Venom Bolt               Conj/Pois      #####.....   100%        5    ##.....
 Bolt of Fire             Conj/Fire      ######....   100%        6    #####..
 Hydra Form               Tmut           ###.......   100%        6    #####..
 Poison Arrow             Conj/Pois      #####.....   100%        6    #####..
 Shadow Creatures         Summ           N/A          100%        6    #####..
 Dragon Form              Tmut           ###.......   100%        7    ######.
 Haunt                    Necr/Summ      #####.....   100%        7    ######.
 Orb of Destruction       Conj           ######....   100%        7    ######.
 Ring of Flames           Chrm/Fire      ######....   100%        7    ######.
 Spellforged Servitor     Conj/Summ      #####.....   100%        7    ######.
 Summon Hydra             Summ           ###.......   100%        7    ######.
 Borgnjor's Revivificati  Necr           ######....   100%        8    #######
 Chain Lightning          Conj/Air       ######....   100%        8    #######
 Death's Door             Chrm/Necr      ######....   100%        8    #######
 Ignition                 Fire           ######....   100%        8    #######
 Infestation              Necr           ######....   100%        8    #######
 Lehudib's Crystal Spear  Conj/Erth      ######....   100%        8    #######
 Necromutation            Tmut/Necr      #####.....   100%        8    #######
 Dragon's Call            Summ           ###.......   100%        9    #######
 Tornado                  Air            ######....   100%        9    #######
 Sublimation of Blood     Necr           Unusable     N/A         2    N/A
 Statue Form              Tmut/Erth      Unusable     N/A         6    N/A

Dungeon Overview and Level Annotations

Branches:
Dungeon (15/15)            Temple (0/1) D:4            Lair (6/6) D:11
  Swamp (4/4) Lair:4        Snake (4/4) Lair:2        Slime (5/5) Lair:6
    Orc (2/2) D:12            Elf (3/3) Orc:2        Vaults (5/5) D:13
  Crypt (3/3) Vaults:3       Tomb (0/3) Crypt:3      Depths (5/5) D:15
   Hell (1/1)                 Dis (0/7) Hell            Geh (7/7) Hell
    Coc (4/7) Hell            Tar (0/7) Hell            Zot (3/5) Depths:5

Altars:
Ashenzari
Cheibriados
Dithmenos
Fedhas
Gozag
Hepliaklqana
Kikubaaqudgha
Nemelex Xobeh
Okawaru
Qazlal
Sif Muna
Trog
Uskayaw
Wu Jian
Xom
Yredelemnul
The Shining One

Shops:
D:8 ?}?*?   D:12 (*   Orc:1 }   Orc:2 *:*[(   Elf:2 *   Elf:3 =}=   Snake:1 [
Snake:2 **   Snake:3 :   Snake:4 !   Vaults:2 %[   Vaults:3 =}*   Vaults:5 =
Zot:2 *   Depths:1 }=?!=   Depths:2 =[}[

Portals:
Hell: Depths:1 Depths:2 Depths:3 Depths:4 Depths:5
Abyss: Depths:2 Depths:3 Depths:4
Pandemonium: Depths:3
Ziggurat: Depths:1
Trove: D:13 (give 7 scrolls of blinking)

Annotations:
Swamp:2 1 runed door, Loysam's ghost, adept HOBe


Innate Abilities, Weirdness & Mutations

You are resistant to torment.
Your stone body is resilient. (AC +20)
You are immune to poison.
Your large and strong wings let you fly indefinitely.
You resist negative energy. (rN+)
You are resistant to electric shocks. (rElec)
You can survive without breathing.
You are immune to petrification.
You are immune to rotting.
You have a pair of small antennae on your head.
You are partially covered in molten scales. (AC +2)
You have an uncontrollable temper.
Your mind is very acute. (Int +4)
You are clumsy. (Dex -2)
Armour fits poorly on your strangely shaped body.
You are frail. (-10% HP)
Your magical capacity is low. (-10% MP)
You occasionally shout uncontrollably at your foes.
You are occasionally teleported next to monsters.
You are very weak. (Str -4)


Message History

Press: ? - help, Shift-Dir - straight line, f/p - shard shrike
Aim: a shard shrike (severely wounded, catching its breath)
You shoot an arrow. The arrow misses the shard shrike.
You hear a splash.
The shard shrike claws you but does no damage.
Firing (i - inventory. (/) - cycle)
d - 849 arrows (quivered)
Press: ? - help, Shift-Dir - straight line, f/p - shard shrike
Aim: a shard shrike (severely wounded, catching its breath)
You shoot an arrow.
The arrow closely misses the shard shrike.
You hear a splash.
The shard shrike claws you but does no damage.
Firing (i - inventory. (/) - cycle)
d - 848 arrows (quivered)
Press: ? - help, Shift-Dir - straight line, f/p - shard shrike
Aim: a shard shrike (severely wounded, catching its breath)
You shoot an arrow. The arrow hits the shard shrike!
The shard shrike is severely wounded.
The shard shrike spits a shard of ice at you.
The shard of ice hits you! You partially resist.
You die...

≈....≈≈≈≈≈≈≈...
≈≈..≈≈≈≈≈≈≈≈≈..
≈≈...≈≈≈≈≈≈..≈.
...≈..≈≈≈≈..≈≈≈
.≈≈≈≈≈..≈..≈≈≈≈
≈≈≈≈≈≈≈..)≈≈#
≈≈≈≈≈≈≈≈z≈≈#
≈≈≈≈≈≈≈∩.≈≈#
≈≈≈≈≈≈.@(≈≈#
≈≈≈≈..b(((≈#
≈....≈≈≈..≈≈#
...≈≈≈≈....≈≈≈#
.≈≈≈≈≈......≈≈≈
≈≈≈≈..≈≈.≈≈≈.≈≈
.≈≈≈≈≈≈≈≈≈≈≈≈≈≈
≈≈≈≈≈≈≈≈≈≈≈≈≈≈≈


You could see a shard shrike and a skeletal warrior.

Vanquished Creatures
  Asmodeus (Geh:7)
  the Royal Jelly (Slime:5)
  Lom Lobon (Pan)
  the Serpent of Hell (Geh:7)
  Gloorx Vloq (Pan)
  5 ancient liches
  Mnoleg (Pan)
  3 orbs of fire
  Mara (Crypt:1)
  The ghost of Quad the Metallomancer, a master DsFE of Vehumet (Zot:2)
  Mennas (Depths:3)
  8 pandemonium lords (Pan)
  Boris (Depths:3)
  A shard shrike (Coc:1)
  Saint Roka (Crypt:1)
  3 caustic shrikes (Depths:5)
  2 curse toes
  A Killer Klown (Zot:3)
  14 golden dragons
  Geryon (Hell)
  Jory (Vaults:2)
  Nikola (Snake:4)
  2 profane servitors
  4 bone dragons
  8 Tzitzimimeh (Pan)
  25 Brimstone Fiends
  15 liches
  15 tentacled monstrosities
  An electric golem (Zot:1)
  An Ice Fiend (Coc:1)
  5 Hell Sentinels (Pan)
  19 Executioners
  3 deep elf master archers
  13 titans
  10 quicksilver dragons
  4 death cobs
  3 deep elf blademasters
  24 acid blobs
  A thorn hunter (Swamp:4)
  4 eldritch tentacles
  4 tengu reavers
  2 ancient champions
  Roxanne (Elf:1)
  8 tentacled starspawn
  A sphinx (Vaults:2)
  3 shadow dragons
  11 warmongers (Pan)
  10 nagarajas
  8 storm dragons
  5 draconian monks
  7 azure jellies
  2 revenants
  A daeva (Abyss:2)
  15 fire giants
  2 orc warlords
  5 corrupters (Pan)
  Louise (Snake:1)
  14 frost giants
  9 deep elf sorcerers
  10 draconian knights
  A ghost moth (Zot:3)
  15 vault wardens
  4 draconian scorchers
  40 balrugs
  2 iron dragons (Vaults:5)
  3 draconian shifters
  3 curse skulls
  20 cacodemons (Pan)
  2 draconian stormcallers
  7 ghouls (Crypt:2)
  A juggernaut zombie (Hell)
  6 deep elf elementalists
  A spriggan defender (Depths:3)
  9 draconian annihilators
  8 war gargoyles
  35 reapers
  11 ironheart preservers
  A caustic shrike skeleton (Depths:4)
  27 stone giants
  26 very ugly things
  7 black draconians
  8 vampire knights
  24 starcursed masses
  5 deep elf demonologists
  11 blood saints (Pan)
  7 green draconians
  9 red draconians
  5 black suns (Pan)
  6 white draconians
  7 purple draconians
  12 deep elf annihilators
  13 lorocyprocas
  3 merfolk javelineers (Depths:5)
  5 yellow draconians
  3 eidola
  Snorg (D:10)
  8 deep elf death magi
  5 quicksilver dragon zombies
  11 ettins
  6 death oozes
  12 green deaths (Pan)
  5 crystal guardians
  An ettin (shapeshifter) (Abyss:3)
  10 deep elf high priests
  8 fire dragons
  18 blizzard demons
  25 yaktaur captains
  Erolcha (Orc:2)
  37 vault guards
  2 kraken zombies (Hell)
  17 ice dragons
  8 rakshasas
  14 great orbs of eyes
  3 spriggan air magi
  23 naga warriors
  3 quicksilver dragon skeletons
  21 hydras
  19 alligators
  34 two-headed ogres
  3 ghost crabs
  10 centaur warriors
  A juggernaut simulacrum (Depths:2)
  3 catoblepae
  A two-headed ogre (shapeshifter) (Abyss:3)
  3 death knights
  21 anacondas
  10 monstrous demonspawn
  4 tengu warriors
  9 death yaks (Lair:6)
  7 deep troll earth magi
  10 ogre magi
  4 vampire magi
  9 deep troll shamans
  9 thrashing horrors
  30 dancing weapons
  42 hell hogs
  6 titan zombies
  A shock serpent (shapeshifter) (Depths:2)
  4 orc high priests (Orc:2)
  4 storm dragon zombies
  80 sun demons
  13 shock serpents
  3 spriggan berserkers
  12 naga sharpshooters
  6 titan skeletons
  Sonja (Orc:2)
  34 deep elf knights
  5 spriggans
  8 iron trolls
  2 iron golems
  2 fire crabs (shapeshifter)
  39 hell knights
  43 soul eaters
  5 wretched stars (Abyss:3)
  A fire crab (Geh:5)
  A spark wasp zombie (Hell)
  5 storm dragon skeletons
  22 small abominations
  50 skeletal warriors
  34 sixfirhies
  7 swamp dragons
  4 spriggan druids
  9 shadow wraiths
  7 salamander mystics
  8 shadow demons
  40 deep trolls
  A sea snake (Snake:1)
  3 spatial maelstroms (Abyss:3)
  9 unseen horrors
  10 torturous demonspawn
  14 flayed ghosts
  2 ghost moth zombies
  7 golden dragon zombies
  6 anaconda zombies
  A kraken simulacrum (Coc:1)
  12 gelid demonspawn
  4 glowing orange brains
  10 infernal demonspawn (Pan)
  8 naga ritualists
  An obsidian statue (Zot:2)
  10 phantasmal warriors
  13 ironbrand convokers
  70 large abominations
  17 deep elf archers
  5 lindwurms
  15 wizards
  A sphinx zombie (Hell)
  7 anaconda skeletons
  3 golden dragon skeletons
  6 wolf spider zombies
  29 necromancers
  12 orc knights
  A harpy (shapeshifter) (D:13)
  4 stone giant zombies
  3 tengu zombies (Hell)
  5 harpies (Vaults:3)
  59 ugly things
  3 oklob plants (Lair:6)
  An orb spider (Abyss:3)
  11 mana vipers
  A tengu skeleton (Depths:2)
  5 fire giant zombies
  4 wolf spiders
  82 deep elf magi
  10 orc sorcerers
  6 shadow dragon skeletons
  3 iron dragon zombies
  A frost giant zombie (Hell)
  6 shining eyes
  7 cyclopes
  20 moths of wrath
  3 frost giant skeletons
  A sphinx skeleton (Vaults:4)
  3 manticores
  An apocalypse crab (Abyss:3)
  11 salamanders
  9 elephants (Lair:6)
  Maurice (D:8)
  5 iron dragon skeletons
  4 worldbinders
  5 dire elephant zombies
  2 fire giant skeletons
  4 stone giant skeletons
  A shock serpent zombie (Geh:5)
  5 ice statues
  14 vault sentinels
  8 rust devils
  24 naga magi
  54 smoke demons
  9 guardian serpents
  An eye of devastation (Slime:5)
  A water nymph (Abyss:3)
  35 black mambas
  10 molten gargoyles
  An eye of devastation (shapeshifter) (Vaults:5)
  A gargoyle (WizLab)
  An emperor scorpion zombie (Geh:7)
  26 orange demons
  2 torpor snails
  5 spectral swamp worms (Depths:4)
  6 dire elephant skeletons
  11 spiny frogs
  29 hellions
  2 kobold demonologists (Abyss:3)
  2 yaktaur zombies
  A catoblepas zombie (Geh:7)
  23 freezing wraiths
  10 ancient zymes
  15 demonic crawlers
  7 komodo dragons
  A white draconian skeleton (Crypt:1)
  4 rime drakes
  2 human skeletons
  2 anaconda simulacra (IceCv)
  78 yaktaurs
  2 yaktaurs (shapeshifter)
  3 spriggan zombies (Hell)
  20 tormentors
  54 red devils
  12 efreet
  4 meliai
  27 hellwings
  25 ice devils
  2 purple draconian skeletons (Crypt:1)
  9 hydra zombies
  4 guardian mummies (Depths:1)
  A queen bee (shapeshifter) (Vaults:5)
  11 trolls
  A queen ant zombie (Crypt:2)
  4 tyrant leeches
  A harpy zombie (Geh:4)
  5 tengu conjurers
  5 hydra skeletons
  A troll (shapeshifter) (D:13)
  2 harpy skeletons
  A polar bear (shapeshifter) (Elf:1)
  7 hornets
  A deep troll zombie (Hell)
  A merfolk (shapeshifter) (Vaults:5)
  Grinder (D:5)
  9 bog bodies
  4 ettin zombies
  4 alligator zombies
  17 raiju (Abyss:3)
  98 slime creatures
  16 blink frogs
  A fire dragon zombie (Abyss:3)
  A human simulacrum (Vaults:1)
  A stone giant simulacrum (Vaults:1)
  3 ice dragon zombies
  9 dream sheep
  12 hippogriffs
  A black mamba zombie (Geh:3)
  12 ettin skeletons
  103 flying skulls
  A tarantella (shapeshifter) (Vaults:3)
  17 shadows
  4 fire dragon skeletons
  38 ynoxinuls
  2 air elementals (Elf:1)
  2 ice dragon skeletons
  14 water elementals
  2 dire elephant simulacra (IceCv)
  26 wraiths
  A yak (shapeshifter) (Vaults:1)
  7 wyverns
  36 fire elementals
  A hog (shapeshifter) (D:13)
  20 yaks
  A steam dragon (D:6)
  2 black mamba skeletons
  13 fire bats
  15 golden eyes
  A basilisk (shapeshifter) (Vaults:1)
  8 basilisks
  21 chaos spawn
  A harpy simulacrum (IceCv)
  34 neqoxecs
  5 wargs
  9 vampire mosquitoes
  Edmund (D:5)
  An ogre zombie (Vaults:1)
  8 hungry ghosts
  5 insubstantial wisps (Swamp:1)
  3 iron troll simulacra (IceCv)
  7 spatial vortices (Abyss:3)
  50 nagas
  16 swamp worms
  A soldier ant (D:14)
  A merfolk zombie (Geh:7)
  4 acid dragons
  3 spiny frog zombies
  A floating eye (Depths:3)
  12 water moccasins
  A floating eye (shapeshifter) (Abyss:2)
  23 hell hounds
  A hydra simulacrum (IceCv)
  A monstrous demonspawn skeleton (Crypt:1)
  A water moccasin (shapeshifter) (D:15)
  14 swamp drakes
  Purgy (Sewer)
  An infernal demonspawn skeleton (Crypt:2)
  7 porcupines
  7 sky beasts
  A merfolk skeleton (Geh:5)
  5 snapping turtle zombies
  3 phantoms
  60 orc warriors
  7 eyes of draining
  2 ice beasts
  A manticore zombie (Crypt:3)
  A spiny frog skeleton (Geh:7)
  4 black bears
  An eye of draining (shapeshifter) (D:15)
  12 necrophages
  4 ettin simulacra
  23 boggarts
  6 centaurs
  A blink frog zombie (Crypt:2)
  4 elf skeletons
  3 manticore skeletons
  12 crocodiles
  24 wolves
  An elephant skeleton (Crypt:2)
  A swamp dragon skeleton (Geh:6)
  29 ogres
  6 snapping turtle skeletons
  3 big kobolds
  16 bullfrogs
  5 elf zombies
  3 earth elementals
  A gnoll sergeant (D:9)
  2 wyvern zombies
  3 wyvern skeletons
  9 scorpions
  A troll zombie (Geh:7)
  19 killer bees
  39 wights
  11 electric eels
  3 centaur zombies
  19 crimson imps
  2 bullfrog zombies
  A hound (shapeshifter) (Depths:2)
  7 jellies
  8 hounds
  7 quasits
  34 orc priests
  Crazy Yiuf (D:5)
  44 orc wizards
  A bullfrog skeleton (D:8)
  7 centaur skeletons
  An iron imp (Hell)
  An iguana (D:9)
  10 worker ants
  A worker ant (shapeshifter) (Depths:1)
  A demigod zombie (Crypt:2)
  An acid dragon zombie (Crypt:1)
  A deep dwarf zombie (Crypt:2)
  2 naga skeletons
  A hound zombie (D:9)
  3 hound skeletons
  6 mummies
  3 gnolls (D:9)
  11 adders
  A steam dragon skeleton (Crypt:1)
  10 shadow imps
  4 white imps
  An ufetubus (Depths:3)
  An adder zombie (D:8)
  2 adder skeletons (D:9)
  A worm (D:2)
  2 ball lightnings (Pan)
  2 dart slugs
  5 leopard geckos
  131 orcs
  13 bats
  13 giant cockroaches
  A gnoll zombie (Crypt:2)
  12 goblins
  11 hobgoblins
  10 jackals
  4 quokkas
  3 ball pythons
  5 frilled lizards
  2 jackal skeletons
  16 kobolds
  A quokka skeleton (D:5)
  9 rats
  4 butterflies (D:7)
  A crawling corpse (Elf:1)
  13 fire vortices
  A fungus (Lair:5)
  A lurking horror (Abyss:3)
  8 starspawn tentacles
  5 tentacles (Hell)
4284 creatures vanquished.

Vanquished Creatures (others)
  Cerebov (Pan)
  3 eldritch tentacles
  3 hellions (Geh:7)
  A harpy skeleton (Geh:7)
  A flying skull (Geh:2)
  A fire dragon skeleton (Geh:7)
  A spatial vortex (Abyss:3)
  A manticore zombie (Abyss:3)
  An iron imp (Hell)
  An orc priest (Vaults:5)
  4 ball lightnings (Pan)
  6 orcs
  A jackal (D:8)
  A fire vortex (Geh:2)
  5 fungi
  8 plants
  7 starspawn tentacles
  6 tentacles (Hell)
52 creatures vanquished.

Grand Total: 4336 creatures vanquished

Notes
Turn   | Place    | Note
-------+----------+-------------------------------------------
     0 | D:1      | Americanboy the Gargoyle Hunter began the quest for the
                  | Orb.
     0 | D:1      | Reached XP level 1. HP: 12/12 MP: 1/1
   412 | D:1      | Reached XP level 2. HP: 13/17 MP: 2/2
  1472 | D:2      | Reached skill level 1 in Armour
  1472 | D:2      | Reached XP level 3. HP: 22/22 MP: 3/3
  1520 | D:2      | Found a stormy altar of Qazlal.
  1824 | D:2      | Found an iron altar of Okawaru.
  1885 | D:2      | Became a worshipper of Warmaster Okawaru
  2277 | D:2      | Reached skill level 1 in Short Blades
  2343 | D:3      | Found a snail-covered altar of Cheibriados.
  2528 | D:3      | Reached XP level 4. HP: 27/27 MP: 4/4
  2612 | D:3      | Found a shattered altar of Ashenzari.
  2980 | D:4      | Found a shadowy altar of Dithmenos.
  3071 | D:4      | Found a deep blue altar of Sif Muna.
  3091 | D:4      | Reached skill level 5 in Bows
  3138 | D:4      | Reached XP level 5. HP: 31/31 MP: 5/5
  3230 | D:4      | Found a staircase to the Ecumenical Temple.
  3230 | D:4      | Noticed an ogre
  3246 | D:4      | Killed an ogre
  3246 | D:4      | Reached XP level 6. HP: 18/37 MP: 6/6
  3399 | D:4      | Noticed a phantom
  3457 | D:4      | Killed a phantom
  3568 | D:4      | Reached * piety under Okawaru
  4061 | D:5      | Entered Level 5 of the Dungeon
  4191 | D:5      | Reached XP level 7. HP: 39/41 MP: 7/7
  4253 | D:5      | Noticed Edmund
  4288 | D:5      | Killed Edmund
  4501 | D:5      | Found a runed door.
  4505 | D:5      | Noticed Crazy Yiuf
  4529 | D:5      | Killed Crazy Yiuf
  4613 | D:5      | Noticed a steam dragon
  4613 | D:5      | an ice beast changed into a steam dragon
  4632 | D:5      | Got a pitted long sword
  4633 | D:5      | Identified the +10 long sword of World Downfall {antimagic,
                  | +Rage Int+3 Dex+2} (You found it on level 5 of the Dungeon)
  5123 | D:5      | Noticed Grinder
  5125 | D:5      | Paralysed by Grinder for 4 turns
  5135 | D:5      | Paralysed by Grinder for 3 turns
  5142 | D:5      | Killed Grinder
  5142 | D:5      | Reached ** piety under Okawaru
  5142 | D:5      | Reached skill level 1 in Long Blades
  5142 | D:5      | Reached XP level 8. HP: 38/48 MP: 1/8
  6446 | D:6      | Reached XP level 9. HP: 52/53 MP: 0/9
  6453 | D:6      | Found a hazy altar of Hepliaklqana.
  6481 | D:6      | Found an ancient bone altar of Kikubaaqudgha.
  6588 | D:6      | Identified a scroll of acquirement
  6609 | D:6      | Found a glowing drain.
  6639 | Sewer    | Entered a sewer
  6658 | Sewer    | Noticed Purgy
  6668 | Sewer    | Killed Purgy
  6668 | Sewer    | Reached skill level 5 in Fighting
  6668 | Sewer    | Reached skill level 1 in Invocations
  6765 | D:6      | Found an ornate altar of the Wu Jian Council.
  6834 | D:6      | Reached skill level 5 in Long Blades
  6920 | D:6      | Found a glowing golden altar of the Shining One.
  6926 | D:6      | Found a hide-covered altar of Uskayaw.
  6931 | D:6      | Found a blossoming altar of Fedhas.
  7193 | D:7      | Reached *** piety under Okawaru
  7289 | D:7      | Found a shimmering altar of Xom.
  7325 | D:7      | Found a bloodstained altar of Trog.
  7427 | D:7      | Reached skill level 5 in Armour
  7624 | D:7      | Found a runed door.
  7630 | D:7      | Found a runed door.
  8110 | D:8      | Found a hazy altar of Hepliaklqana.
  8219 | D:8      | Found a sparkling altar of Nemelex Xobeh.
  8241 | D:8      | Found Ocapaest's Magic Scroll Emporium.
  8252 | D:8      | Reached XP level 10. HP: 48/60 MP: 3/11
  8259 | D:8      | Reached **** piety under Okawaru
  8266 | D:8      | Bought a scroll of enchant weapon for 97 gold pieces
  8266 | D:8      | Bought a scroll of enchant weapon for 97 gold pieces
  8266 | D:8      | Bought a scroll of blinking for 97 gold pieces
  8276 | D:8      | Found Jaadgh's Assorted Antiques.
  8276 | D:8      | Noticed a two-headed ogre
  8279 | D:8      | Noticed Maurice
  8288 | D:8      | Reached skill level 1 in Evocations
  8293 | D:8      | Killed a two-headed ogre
  8477 | D:8      | Noticed a two-headed ogre
  8488 | D:8      | Killed a two-headed ogre
  8488 | D:8      | Reached ***** piety under Okawaru
  8504 | D:8      | Found Toen's Gadget Shop.
  8514 | D:8      | Killed Maurice
  8666 | D:8      | Found Rofasuti's Magic Scroll Emporium.
  8706 | D:8      | Found Irext's Magic Scroll Emporium.
  8732 | D:8      | Bought a scroll of acquirement for 572 gold pieces
  8834 | D:8      | Bought a scroll of fear for 35 gold pieces
  8859 | D:8      | Bought a bubbling purple potion for 25 gold pieces
  8859 | D:8      | Bought 2 scrolls of blinking for 420 gold pieces
  8859 | D:8      | Bought a pair of runed gloves for 210 gold pieces
  8859 | D:8      | Bought a triangular filigree amulet for 140 gold pieces
  8859 | D:8      | Bought a triangular filigree amulet for 140 gold pieces
  8859 | D:8      | Bought a scroll of enchant armour for 210 gold pieces
  9379 | D:9      | Received a gift from Okawaru
  9389 | D:9      | Reached XP level 11. HP: 48/67 MP: 4/12
 10103 | D:9      | Received a gift from Okawaru
 10614 | D:10     | Entered Level 10 of the Dungeon
 10724 | D:10     | Noticed Snorg
 10740 | D:10     | Killed Snorg
 11027 | D:10     | Found a glowing golden altar of the Shining One.
 11431 | D:11     | Killed an unseen horror
 11443 | D:11     | Noticed a white ugly thing
 11451 | D:11     | Killed a white ugly thing
 11658 | D:11     | Received a gift from Okawaru
 11688 | D:11     | Found a staircase to the Lair.
 12142 | Lair:1   | Entered Level 1 of the Lair of Beasts
 12161 | Lair:1   | Reached skill level 10 in Bows
 12530 | Lair:1   | Reached XP level 12. HP: 76/76 MP: 12/14
 13348 | Lair:2   | Found a staircase to the Snake Pit.
 14626 | Lair:4   | Got an iridescent dagger
 14627 | Lair:4   | Identified the +9 dagger of Grace {pierce, +Rage +Fly
                  | Int+2} (You found it on level 4 of the Lair of Beasts)
 14861 | Lair:4   | Got a warped dagger
 14862 | Lair:4   | Identified the +9 dagger of the Tomato {freeze, Str+7} (You
                  | found it on level 4 of the Lair of Beasts)
 15140 | Lair:4   | Noticed a catoblepas
 15152 | Lair:4   | Killed a catoblepas
 15202 | Lair:4   | Noticed a six-headed hydra
 15276 | Lair:4   | Noticed a five-headed hydra
 15284 | Lair:4   | Killed a five-headed hydra
 15284 | Lair:4   | Received a gift from Okawaru
 15296 | Lair:4   | Killed a six-headed hydra
 15296 | Lair:4   | Reached skill level 10 in Fighting
 15347 | Lair:4   | Reached XP level 13. HP: 65/82 MP: 15/15
 15598 | Lair:4   | Found a staircase to the Swamp.
 16191 | Lair:5   | Received a gift from Okawaru
 17000 | Lair:6   | Entered Level 6 of the Lair of Beasts
 17017 | Lair:6   | Received a gift from Okawaru
 17294 | Lair:6   | Received a gift from Okawaru
 17314 | Lair:6   | Received a gift from Okawaru
 17396 | Lair:6   | Reached skill level 5 in Invocations
 17600 | Lair:6   | Gained mutation: Your large and strong wings let you fly
                  | indefinitely. [Gargoyle growth]
 17600 | Lair:6   | Reached XP level 14. HP: 91/91 MP: 17/17
 17771 | Lair:6   | Reached ****** piety under Okawaru
 17915 | Lair:6   | Reached skill level 15 in Bows
 17923 | Lair:6   | Received a gift from Okawaru
 18062 | Lair:6   | Got a smoking scale mail
 18073 | Lair:6   | Identified the +7 scale mail "Sotwoel" {Int+2} (You found
                  | it on level 6 of the Lair of Beasts)
 18104 | Lair:6   | Received a gift from Okawaru
 18306 | Lair:6   | Found a staircase to the Slime Pits.
 18881 | D:12     | Found Iriatzag's Demolitions Depot.
 19007 | D:12     | Found a staircase to the Orcish Mines.
 19128 | D:12     | Found Gazxics's Weapon Emporium.
 19854 | D:12     | Bought the Incunabulum of Combat Magic for 742 gold pieces
 19860 | D:12     | Learned a level 2 spell: Blink
 19882 | Orc:1    | Entered Level 1 of the Orcish Mines
 19889 | Orc:1    | Received a gift from Okawaru
 20247 | Orc:1    | Found Yronlet's Gadget Boutique.
 20499 | Orc:2    | Entered Level 2 of the Orcish Mines
 20836 | Orc:2    | Found a staircase to the Elven Halls.
 20911 | Orc:2    | Found Vaarpho Qim's General Store.
 20925 | Orc:2    | Bought the ring "Curphastoh" {rF+ Str+2 Int-5 SInv} for 385
                  | gold pieces
 21003 | Orc:2    | Reached skill level 5 in Dodging
 21013 | Orc:2    | Noticed an orc warlord
 21047 | Orc:2    | Killed an orc warlord
 21047 | Orc:2    | Gained mutation: You occasionally shout uncontrollably at
                  | your foes. [a neqoxec]
 21052 | Orc:2    | Noticed Sonja
 21069 | Orc:2    | Killed Sonja
 21341 | Orc:2    | Reached XP level 15. HP: 83/100 MP: 14/19
 21650 | Orc:2    | Found Vacesm's Antique Armour Boutique.
 21652 | Orc:2    | Found Munt's Antique Weapon Boutique.
 21654 | Orc:2    | Found Fuep's General Store.
 21654 | Orc:2    | Found Quemus's Book Shop.
 21669 | Orc:2    | Bought a potion of heal wounds for 75 gold pieces
 21685 | Orc:2    | Bought a shimmering robe for 171 gold pieces
 21685 | Orc:2    | Bought a bloodstained leather armour for 210 gold pieces
 21695 | Orc:2    | Identified the +1 robe of Liberty {rElec rPois rF+} (You
                  | bought it in a shop on level 2 of the Orcish Mines)
 21705 | Orc:2    | Identified the +2 leather armour of an ossuary {rF+ MR-
                  | Dex+3} (You bought it in a shop on level 2 of the Orcish
                  | Mines)
 22084 | Orc:2    | Noticed Erolcha
 22100 | Orc:2    | Killed Erolcha
 22485 | D:13     | Found a portal to a secret trove of treasure.
 22533 | D:13     | Received a gift from Okawaru
 22551 | D:13     | Got a heavily runed crystal plate armour {god gift}
 22562 | D:13     | Identified the +3 crystal plate armour "Keuf" {+Inv Slay+3}
                  | (Okawaru gifted it to you on level 13 of the Dungeon)
 22589 | D:13     | Found a gate to the Vaults.
 23635 | D:14     | Received a gift from Okawaru
 23679 | D:15     | Entered Level 15 of the Dungeon
 23715 | D:15     | Received a gift from Okawaru
 23883 | D:15     | Found a basalt altar of Yredelemnul.
 23982 | D:15     | Reached XP level 16. HP: 107/107 MP: 14/21
 24216 | D:15     | Reached skill level 15 in Fighting
 24228 | D:15     | Found a staircase to the Depths.
 24808 | Swamp:1  | Entered Level 1 of the Swamp
 25403 | Swamp:2  | Found a runed door.
 25421 | Swamp:2  | Noticed Loysam's ghost (adept HOBe)
 25658 | Swamp:2  | Received a gift from Okawaru
 26824 | Swamp:4  | Entered Level 4 of the Swamp
 26893 | Swamp:4  | Reached skill level 10 in Armour
 26894 | Swamp:4  | Noticed a thorn hunter
 26898 | Swamp:4  | Killed a thorn hunter
 26898 | Swamp:4  | Reached XP level 17. HP: 115/115 MP: 22/22
 27015 | Swamp:4  | Received a gift from Okawaru
 27038 | Swamp:4  | Got a decaying rune of Zot
 27779 | Snake:1  | Entered Level 1 of the Snake Pit
 27793 | Snake:1  | Received a gift from Okawaru
 27885 | Snake:1  | Received a gift from Okawaru
 28183 | Snake:1  | Identified the cursed +0 robe of the Moon Troll {Regen+
                  | Stlth+} (You found it on level 1 of the Snake Pit)
 28404 | Snake:1  | Found Sushrism's Armour Boutique.
 28444 | Snake:1  | Received a gift from Okawaru
 28448 | Snake:1  | Got an ichor-stained shortbow {god gift}
 28449 | Snake:1  | Identified the +4 shortbow "Esaebips" {flame, +Blink rN+
                  | Str+6} (Okawaru gifted it to you on level 1 of the Snake
                  | Pit)
 28659 | Snake:1  | Noticed Louise
 28679 | Snake:1  | Killed Louise
 28870 | Snake:1  | Found a gateway to a bazaar.
 28879 | Bazaar   | Entered a bazaar
 28882 | Bazaar   | Found Lijuypsu's Weapon Shop.
 28910 | Bazaar   | Found Neniuhik's Antique Weapon Boutique.
 28910 | Bazaar   | Found Dainnapath's Food Shop.
 28940 | Bazaar   | Found Joegetil's Book Shop.
 28975 | Bazaar   | Bought a +4 longbow of freezing for 331 gold pieces
 28987 | Bazaar   | Bought a book of Debilitation for 480 gold pieces
 28991 | Bazaar   | Learned a level 3 spell: Portal Projectile
 28991 | Bazaar   | Bought a book of Frost for 420 gold pieces
 29254 | Snake:2  | Reached skill level 1 in Hexes
 29265 | Snake:2  | Found a frozen archway.
 29275 | IceCv    | Entered an ice cave
 29696 | IceCv    | Reached skill level 1 in Translocations
 29772 | IceCv    | Received a gift from Okawaru
 29980 | Snake:2  | Received a gift from Okawaru
 29980 | Snake:2  | Reached XP level 18. HP: 119/122 MP: 24/24
 30111 | Snake:2  | Identified the +6 quarterstaff of Ruyxej {antimagic, rElec
                  | Int+4} (You found it on level 2 of the Snake Pit)
 30124 | Snake:2  | Found Epsaunefi's General Store.
 30132 | Snake:2  | Bought 26 arrows for 72 gold pieces
 30132 | Snake:2  | Found Qucheuc's General Store.
 30167 | Snake:2  | Received a gift from Okawaru
 30929 | Snake:3  | Received a gift from Okawaru
 30974 | Snake:3  | Received a gift from Okawaru
 31151 | Snake:3  | Found a glowing golden altar of the Shining One.
 31369 | Snake:3  | Found Commyor's Book Shoppe.
 31498 | Snake:4  | Entered Level 4 of the Snake Pit
 31665 | Snake:4  | Noticed Nikola
 31683 | Snake:4  | Killed Nikola
 31768 | Snake:4  | Found a shadowy altar of Dithmenos.
 31818 | Snake:4  | Found Jureide's Distillery.
 31827 | Snake:4  | Bought a potion of heal wounds for 50 gold pieces
 31827 | Snake:4  | Bought 2 potions of heal wounds for 100 gold pieces
 31885 | Snake:4  | Received a gift from Okawaru
 32167 | Snake:4  | Received a gift from Okawaru
 32238 | Snake:4  | Reached XP level 19. HP: 132/132 MP: 18/25
 32371 | Snake:4  | Received a gift from Okawaru
 32426 | Snake:4  | Received a gift from Okawaru
 32569 | Snake:4  | Got a serpentine rune of Zot
 33062 | Elf:1    | Entered Level 1 of the Elven Halls
 33238 | Elf:1    | Received a gift from Okawaru
 33718 | Elf:1    | Received a gift from Okawaru
 33771 | Elf:1    | Noticed Roxanne
 33780 | Elf:1    | Killed Roxanne
 34232 | Elf:1    | Reached XP level 20. HP: 140/140 MP: 26/26
 34437 | Elf:1    | Identified the Grimoire of Stolen Souls
 34678 | Elf:2    | Found Foiplaba's Assorted Antiques.
 34713 | Elf:2    | Reached skill level 1 in Spellcasting
 34794 | Elf:2    | Bought a bloodstained longbow for 332 gold pieces
 34794 | Elf:2    | Identified the +8 longbow "Goblinbane" {freeze, rPois rF++
                  | rC- MR-} (You bought it in a shop on level 2 of the Elven
                  | Halls)
 34845 | Elf:2    | Found a runed gate.
 34847 | Elf:2    | Found a runed gate.
 34860 | Elf:2    | Found a runed gate.
 35293 | Elf:2    | Received a gift from Okawaru
 35454 | Elf:2    | Received a gift from Okawaru
 36167 | Snake:3  | Bought a book of Battle for 560 gold pieces
 36170 | Snake:3  | Learned a level 2 spell: Shroud of Golubria
 36174 | Snake:3  | Learned a level 3 spell: Regeneration
 36177 | Snake:3  | Learned a level 2 spell: Song of Slaying
 36546 | Elf:3    | Entered Level 3 of the Elven Halls
 36864 | Elf:3    | Found Zafucajo's Jewellery Shop.
 36864 | Elf:3    | Found Wiux's Gadget Emporium.
 36865 | Elf:3    | Found Nihegaze's Jewellery Shop.
 37023 | Elf:3    | Reached skill level 1 in Charms
 37025 | Elf:3    | Received a gift from Okawaru
 37049 | Elf:3    | Received a gift from Okawaru
 37057 | Elf:3    | Reached XP level 21. HP: 77/149 MP: 23/27
 37065 | Elf:3    | Received a gift from Okawaru
 37880 | Elf:3    | Received a gift from Okawaru
 37904 | Elf:3    | Got a smoking long sword {protect}
 37919 | Elf:3    | Got a twisted war axe {freeze}
 37920 | Elf:3    | Identified the +8 long sword of the Pill Bug {protect, rN+}
                  | (You took it off a deep elf high priest on level 3 of the
                  | Elven Halls)
 37921 | Elf:3    | Identified the +7 war axe of Xom's Hope {freeze, +Inv Int-5
                  | Dex+2 SInv} (You took it off a deep elf annihilator on
                  | level 3 of the Elven Halls)
 37949 | Elf:3    | Found the +7 Singing Sword
 37973 | Elf:3    | Got a heavily runed chain mail
 38047 | Elf:3    | Identified the cursed +1 chain mail "Wirecsufoo" {rF+ Int+3
                  | Dex+3 Stlth-} (You took it off a deep elf master archer on
                  | level 3 of the Elven Halls)
 38688 | Vaults:1 | Entered Level 1 of the Vaults
 39226 | Vaults:1 | Received a gift from Okawaru
 40104 | Vaults:2 | Found Moceskuq's Food Boutique.
 40104 | Vaults:2 | Found Bykiesav's Antique Armour Shoppe.
 40137 | Vaults:2 | Noticed Jory
 40144 | Vaults:2 | Killed Jory
 40168 | Vaults:2 | Bought a pair of glowing boots for 225 gold pieces
 40446 | Vaults:2 | Reached skill level 5 in Spellcasting
 40484 | Vaults:2 | Found a magical portal.
 40494 | WizLab   | Entered Doroklohe's Tomb
 40591 | WizLab   | Received a gift from Okawaru
 40823 | Vaults:2 | Reached XP level 22. HP: 156/156 MP: 29/29
 41415 | Snake:2  | Bought a scroll of acquirement for 1092 gold pieces
 41850 | Vaults:3 | Found a staircase to the Crypt.
 41937 | Vaults:3 | Reached skill level 5 in Translocations
 42053 | Vaults:3 | Reached skill level 5 in Hexes
 42139 | Vaults:3 | Found Piuxacun's Gadget Shoppe.
 42174 | Vaults:3 | Found Mujagaj's Jewellery Boutique.
 42212 | Vaults:3 | Found the +4 robe of Augmentation {Str+4 Int+4 Dex+4}
 42491 | Vaults:3 | Received a gift from Okawaru
 42542 | Vaults:3 | Found Vagh's General Store.
 42550 | Vaults:3 | Bought a scroll of enchant weapon for 142 gold pieces
 42961 | Vaults:3 | Received a gift from Okawaru
 43101 | Crypt:1  | Entered Level 1 of the Crypt
 43132 | Crypt:1  | Noticed Saint Roka
 43159 | Crypt:1  | Killed Saint Roka
 43159 | Crypt:1  | Reached skill level 5 in Charms
 43562 | Crypt:1  | Noticed Mara
 43564 | Crypt:1  | Noticed Americanboy's illusion
 43579 | Crypt:1  | Killed Mara
 43956 | Crypt:2  | Received a gift from Okawaru
 43968 | Crypt:2  | Reached XP level 23. HP: 121/164 MP: 32/32
 44404 | Crypt:2  | Lost mutation: You occasionally shout uncontrollably at
                  | your foes. [potion of mutation]
 44404 | Crypt:2  | Gained mutation: Your muscles are strong. (Str +2) [potion
                  | of mutation]
 44404 | Crypt:2  | Gained mutation: Your magical capacity is low. (-10% MP)
                  | [potion of mutation]
 44404 | Crypt:2  | Gained mutation: You have supernaturally acute eyesight.
                  | (SInv) [potion of mutation]
 44721 | Crypt:3  | Entered Level 3 of the Crypt
 45130 | Crypt:3  | Received a gift from Okawaru
 45137 | Crypt:3  | Got a scorched helmet {god gift}
 45148 | Crypt:3  | Identified the +0 helmet of the Abyss {+Fly rN+ Str+4
                  | Int+2} (Okawaru gifted it to you on level 3 of the Crypt)
 45668 | Crypt:3  | Found a staircase to the Tomb.
 45729 | Crypt:3  | Found a basalt altar of Yredelemnul.
 45729 | Crypt:3  | Noticed an ancient lich
 45729 | Crypt:3  | Paralysed by an ancient lich for 5 turns
 45735 | Crypt:3  | Paralysed by an ancient lich for 3 turns
 45737 | Crypt:3  | HP: 6/166 [ancient lich/bolt of lightning (14)]
 46260 | Crypt:3  | Lost mutation: Your magical capacity is low. (-10% MP)
                  | [potion of mutation]
 46260 | Crypt:3  | Lost mutation: You have supernaturally acute eyesight.
                  | (SInv) [potion of mutation]
 46260 | Crypt:3  | Gained mutation: You have a pair of small horns on your
                  | head. [potion of mutation]
 46260 | Crypt:3  | Gained mutation: You are dopey. (Int -2) [potion of
                  | mutation]
 46260 | Crypt:3  | Gained mutation: Your natural rate of healing is unusually
                  | fast. [potion of mutation]
 46261 | Crypt:3  | Lost mutation: You have a pair of small horns on your head.
                  | [potion of mutation]
 46261 | Crypt:3  | Lost mutation: Your muscles are strong. (Str +2) [potion of
                  | mutation]
 46261 | Crypt:3  | Lost mutation: Your natural rate of healing is unusually
                  | fast. [potion of mutation]
 46261 | Crypt:3  | Gained mutation: You are partially covered in iridescent
                  | scales. (AC +2) [potion of mutation]
 46261 | Crypt:3  | Gained mutation: Your skin changes colour to match your
                  | surroundings (Stealth+). [potion of mutation]
 46549 | Crypt:3  | Paralysed by an ancient lich for 2 turns
 46560 | Crypt:3  | Killed an ancient lich
 47448 | Vaults:4 | Received a gift from Okawaru
 47582 | Vaults:4 | Reached XP level 24. HP: 157/173 MP: 34/34
 48240 | Vaults:5 | Entered Level 5 of the Vaults
 48278 | Vaults:5 | Received a gift from Okawaru
 48653 | Vaults:5 | Cast into level 2 of the Abyss (a deep elf sorcerer)
 49531 | Abyss:3  | Noticed an ancient lich
 49552 | Abyss:3  | Killed an ancient lich
 49632 | Abyss:3  | Found a sacrificial altar of Ru.
 49719 | Abyss:3  | Received a gift from Okawaru
 49720 | Abyss:3  | Found the +8 storm bow {elec}
 49946 | Abyss:3  | Reached XP level 25. HP: 179/180 MP: 35/35
 49971 | Abyss:3  | Received a gift from Okawaru
 50058 | Abyss:3  | Got an abyssal rune of Zot
 50314 | Vaults:5 | Escaped the Abyss
 50398 | Vaults:5 | Reached skill level 10 in Invocations
 50411 | Vaults:5 | Noticed an ancient lich
 50418 | Vaults:5 | Killed an ancient lich
 50569 | Vaults:5 | Received a gift from Okawaru
 50587 | Vaults:5 | Received a gift from Okawaru
 50926 | Vaults:5 | Reached XP level 26. HP: 178/189 MP: 36/36
 50945 | Vaults:5 | Cast into level 2 of the Abyss (a deep elf sorcerer)
 51011 | Abyss:2  | Found a corrupted altar of Lugonu.
 51423 | Vaults:5 | Escaped the Abyss
 51427 | Vaults:5 | Got a silver rune of Zot
 51530 | Vaults:5 | Received a gift from Okawaru
 51585 | Vaults:5 | Got a bone hunting sling {venom}
 51586 | Vaults:5 | Identified the +4 hunting sling "Widowermaker" {venom,
                  | -Tele Str+4 SInv} (You took it off an ironheart preserver
                  | on level 5 of the Vaults)
 51600 | Vaults:5 | Received a gift from Okawaru
 51676 | Vaults:5 | Reached skill level 10 in Spellcasting
 52272 | Vaults:5 | Found the +5 demon whip "Spellbinder" {antimagic, MR+}
 52278 | Vaults:5 | Got a shimmering copper ring
 52294 | Vaults:5 | Identified the ring "Facad" {Int+2 Dex+6 Slay+3 SInv} (You
                  | found it on level 5 of the Vaults)
 52438 | Vaults:5 | Found Qimod's Jewellery Emporium.
 52439 | Vaults:5 | Found the +2 cloak of the Thief {+Fog Slay-2 SInv Stlth+}
 52662 | Vaults:5 | Got a slimy ring mail
 52668 | Vaults:5 | Got an iridescent hunting sling
 52691 | Vaults:5 | Identified the +1 ring mail "Nyalas" {rN+ Regen+ Int+2}
                  | (You found it on level 5 of the Vaults)
 53047 | Depths:1 | Entered Level 1 of the Depths
 53050 | Depths:1 | Reached skill level 15 in Armour
 53059 | Depths:1 | Identified the +6 hunting sling of the Shoals {speed, rF++
                  | MR+} (You found it on level 5 of the Vaults)
 53074 | Depths:1 | Found Awaceuwk's Magic Scroll Emporium.
 53088 | Depths:1 | Found a gateway to Hell.
 53091 | Depths:1 | Received a gift from Okawaru
 53094 | Depths:1 | Got a smoking great sword {god gift}
 53098 | Depths:1 | Identified the +2 great sword of Disgust {flame, rC+}
                  | (Okawaru gifted it to you on level 1 of the Depths)
 53160 | Depths:1 | Reached skill level 10 in Hexes
 53261 | Depths:1 | Bought a scroll of blinking for 97 gold pieces
 53561 | Depths:1 | Found Ipratt's Jewellery Emporium.
 53573 | Depths:1 | Learned a level 2 spell: Swiftness
 53611 | Depths:1 | Found Cixurghi's Distillery.
 53618 | Depths:1 | Bought a potion of curing for 48 gold pieces
 53618 | Depths:1 | Bought a potion of haste for 160 gold pieces
 53618 | Depths:1 | Bought a potion of curing for 48 gold pieces
 53618 | Depths:1 | Bought a potion of heal wounds for 80 gold pieces
 53618 | Depths:1 | Bought a potion of ambrosia for 128 gold pieces
 53618 | Depths:1 | Bought a potion of agility for 64 gold pieces
 53618 | Depths:1 | Bought a potion of ambrosia for 128 gold pieces
 53620 | Depths:1 | Found a gateway to a ziggurat.
 54371 | Depths:1 | Found Rysy's Jewellery Shop.
 54399 | Depths:1 | Found Tecet's Gadget Shoppe.
 54720 | Depths:2 | Reached skill level 10 in Translocations
 54811 | Depths:2 | Received a gift from Okawaru
 54972 | Depths:2 | Found Tezxej's Antique Armour Shop.
 54972 | Depths:2 | Found Caorhits's Jewellery Boutique.
 54973 | Depths:2 | Found Nuecwap's Armour Boutique.
 54977 | Depths:2 | Found Rafotus's Gadget Shop.
 54982 | Depths:2 | Bought a pitted helmet for 342 gold pieces
 54998 | Depths:2 | Bought dazzling steam dragon scales for 1620 gold pieces
 55008 | Depths:2 | Identified the +1 steam dragon scales of Time Monsters {MR+
                  | Stlth+} (You bought it in a shop on level 2 of the Depths)
 55029 | Depths:2 | Identified the +3 helmet "Bitwisit" {-Tele +Fly rN++ Dex-3}
                  | (You bought it in a shop on level 2 of the Depths)
 55078 | Depths:2 | Reached XP level 27. HP: 186/197 MP: 37/37
 55164 | Depths:2 | Noticed an ancient lich
 55169 | Depths:2 | Killed an ancient lich
 55386 | Depths:2 | Received a gift from Okawaru
 55387 | Depths:2 | Reached skill level 10 in Charms
 55389 | Depths:2 | Found a one-way gate to the infinite horrors of the Abyss.
 55919 | Depths:3 | Noticed Mennas
 55935 | Depths:3 | Killed Mennas
 55935 | Depths:3 | Reached skill level 27 in Fighting
 55968 | Depths:3 | Paralysed by a floating eye for 2 turns
 55981 | Depths:3 | Received a gift from Okawaru
 56351 | Depths:3 | Noticed Boris
 56358 | Depths:3 | Killed Boris
 56371 | Depths:3 | Found a runed door.
 56582 | Depths:3 | Received a gift from Okawaru
 56707 | Depths:3 | Found a one-way gate leading to the halls of Pandemonium.
 57329 | Depths:4 | Received a gift from Okawaru
 57554 | Depths:5 | Entered Level 5 of the Depths
 57639 | Depths:5 | Got a bound copper ring
 57640 | Depths:5 | Identified the ring of Equilibrium {Wiz Str-5 Int+6 SInv}
                  | (You found it on level 5 of the Depths)
 57987 | Depths:5 | Learned a level 9 spell: Shatter
 57997 | Depths:5 | Learned a level 9 spell: Tornado
 58003 | Depths:5 | Learned a level 5 spell: Borgnjor's Vile Clutch
 58008 | Depths:5 | Learned a level 4 spell: Cause Fear
 58015 | Depths:5 | Learned a level 6 spell: Deflect Missiles
 58044 | Depths:5 | Found a gate to the Realm of Zot.
 58048 | Depths:5 | Received a gift from Okawaru
 58059 | Depths:5 | Reached skill level 1 in Earth Magic
 58077 | Depths:5 | Reached skill level 1 in Necromancy
 58097 | Depths:5 | Reached skill level 1 in Air Magic
 58771 | Depths:5 | Identified the cursed +0 robe of Fun and Games {rN+ Str-5
                  | Dex+2} (You found it on level 5 of the Depths)
 58827 | Zot:1    | Entered Level 1 of the Realm of Zot
 58969 | Zot:1    | Noticed an orb of fire
 58978 | Zot:1    | Gained mutation: Armour fits poorly on your strangely
                  | shaped body. [an orb of fire]
 58979 | Zot:1    | Killed an orb of fire
 58979 | Zot:1    | Received a gift from Okawaru
 59181 | Zot:1    | Received a gift from Okawaru
 59198 | Zot:1    | Received a gift from Okawaru
 59634 | Zot:1    | Received a gift from Okawaru
 60286 | Zot:1    | Got a slimy leather armour
 60297 | Zot:1    | Identified the +3 leather armour of Rijo {rC- rN+ MR+
                  | Dex+3} (You found it on level 1 of the Realm of Zot)
 60497 | Zot:2    | Noticed an orb of fire
 60503 | Zot:2    | Lost mutation: Armour fits poorly on your strangely shaped
                  | body. [an orb of fire]
 60506 | Zot:2    | Reached skill level 5 in Earth Magic
 60507 | Zot:2    | Gained mutation: Scrolls take you a little longer to read.
                  | [an orb of fire]
 60512 | Zot:2    | Killed an orb of fire
 61292 | Zot:2    | Found a runed gate.
 61295 | Zot:2    | Found an opulent altar of Gozag.
 61296 | Zot:2    | Noticed Quad's ghost (master DsFE)
 61297 | Zot:2    | Found a runed gate.
 61297 | Zot:2    | Found a runed gate.
 61298 | Zot:2    | Found Jennenox's Assorted Antiques.
 61398 | Zot:2    | Killed Quad's ghost
 61398 | Zot:2    | Received a gift from Okawaru
 61452 | Zot:2    | Bought a slimy ring mail for 333 gold pieces
 61452 | Zot:2    | Bought a potion of resistance for 370 gold pieces
 61454 | Zot:2    | Identified the +5 ring mail of Kot Zupt {rElec} (You bought
                  | it in a shop on level 2 of the Realm of Zot)
 61495 | Zot:2    | Lost mutation: You are dopey. (Int -2) [potion of mutation]
 61495 | Zot:2    | Lost mutation: You are partially covered in iridescent
                  | scales. (AC +2) [potion of mutation]
 61495 | Zot:2    | Lost mutation: Scrolls take you a little longer to read.
                  | [potion of mutation]
 61495 | Zot:2    | Gained mutation: You are frail. (-10% HP) [potion of
                  | mutation]
 61495 | Zot:2    | Gained mutation: You are partially covered in molten
                  | scales. (AC +2) [potion of mutation]
 61495 | Zot:2    | Gained mutation: Your natural rate of healing is unusually
                  | fast. [potion of mutation]
 61495 | Zot:2    | Gained mutation: You have large cloven feet. [potion of
                  | mutation]
 61599 | Zot:3    | Received a gift from Okawaru
 61986 | Zot:3    | Noticed an orb of fire
 61993 | Zot:3    | Gained mutation: You are dopey. (Int -2) [an orb of fire]
 61994 | Zot:3    | Killed an orb of fire
 62271 | Zot:3    | Reached skill level 5 in Necromancy
 62541 | Zot:3    | Lost mutation: You are dopey. (Int -2) [potion of mutation]
 62541 | Zot:3    | Lost mutation: You have large cloven feet. [potion of
                  | mutation]
 62541 | Zot:3    | Lost mutation: You are frail. (-10% HP) [potion of
                  | mutation]
 62541 | Zot:3    | Gained mutation: You expend magic power (3 MP) to
                  | strengthen your wands. [potion of mutation]
 62541 | Zot:3    | Gained mutation: You have an increased reservoir of magic.
                  | (+10% MP) [potion of mutation]
 63038 | Slime:1  | Entered Level 1 of the Pits of Slime
 63048 | Slime:1  | Gained mutation: Your spells are a little easier to cast,
                  | but a little less powerful. [a shining eye]
 63112 | Slime:1  | Received a gift from Okawaru
 63133 | Slime:1  | Reached skill level 5 in Air Magic
 64569 | Slime:5  | Entered Level 5 of the Pits of Slime
 64610 | Slime:5  | Gained mutation: You are dopey. (Int -2) [a shining eye]
 64666 | Slime:5  | Gained mutation: You tend to lose your temper in combat. [a
                  | shining eye]
 65041 | Slime:5  | Noticed the Royal Jelly
 65114 | Slime:5  | Killed the Royal Jelly
 65438 | Slime:5  | Identified the Collected Works on Assistive Translocation
 65511 | Slime:5  | Got a slimy rune of Zot
 65628 | Slime:5  | Got a vibrating golden ring
 65908 | Slime:5  | Got a pair of jewelled gloves
 65919 | Slime:5  | Identified the cursed +0 pair of gloves of the Battered
                  | Places {+Blink rCorr Int+2 Dex+4} (You found it on level 5
                  | of the Pits of Slime)
 65935 | Slime:5  | Lost mutation: Your skin changes colour to match your
                  | surroundings (Stealth+). [potion of mutation]
 65935 | Slime:5  | Lost mutation: You tend to lose your temper in combat.
                  | [potion of mutation]
 65935 | Slime:5  | Gained mutation: Your spells are easier to cast, but less
                  | powerful. [potion of mutation]
 65935 | Slime:5  | Gained mutation: You are surrounded by a mild repulsion
                  | field. (EV +2) [potion of mutation]
 66612 | Pan      | Entered Pandemonium
 66992 | Pan      | Found an exit through the horrors of the Abyss.
 67078 | Pan      | Noticed Kequteb the pandemonium lord
 67083 | Pan      | Received a gift from Okawaru
 67089 | Pan      | Killed Kequteb the pandemonium lord
 67089 | Pan      | Received a gift from Okawaru
 67614 | Pan      | HP: 9/199 [reaper/scythe of venom (18)]
 67794 | Pan      | Received a gift from Okawaru
 67944 | Pan      | Noticed Nieloi Ecve the pandemonium lord
 67950 | Pan      | Paralysed by a floating eye for 2 turns
 67953 | Pan      | Paralysed by a floating eye for 3 turns
 67958 | Pan      | Paralysed by a floating eye for 4 turns
 68073 | Pan      | Received a gift from Okawaru
 68316 | Pan      | Killed Nieloi Ecve the pandemonium lord
 68634 | Depths:3 | Escaped Pandemonium
 68636 | Pan      | Entered Pandemonium
 68679 | Pan      | Noticed Nosifudgh the pandemonium lord
 68937 | Pan      | Killed Nosifudgh the pandemonium lord
 69257 | Pan      | Identified the ring "Equan" {+Blink rN+ MR+ Int+2} (You
                  | found it on level 5 of the Pits of Slime)
 69465 | Pan      | Noticed Qacugi Muit the pandemonium lord
 69482 | Pan      | Killed Qacugi Muit the pandemonium lord
 69534 | Pan      | Reached skill level 10 in Earth Magic
 69607 | Pan      | Received a gift from Okawaru
 69733 | Pan      | Found an exit through the horrors of the Abyss.
 69741 | Pan      | Received a gift from Okawaru
 70178 | Pan      | Received a gift from Okawaru
 70496 | Pan      | Noticed Sudek the pandemonium lord
 70510 | Pan      | Killed Sudek the pandemonium lord
 70510 | Pan      | Received a gift from Okawaru
 71368 | Pan      | Entered the realm of Gloorx Vloq.
 71385 | Pan      | Noticed Gloorx Vloq
 71394 | Pan      | Killed Gloorx Vloq
 71402 | Pan      | Received a gift from Okawaru
 71506 | Pan      | Got a dark rune of Zot
 71637 | Pan      | Found an exit through the horrors of the Abyss.
 71665 | Pan      | Received a gift from Okawaru
 72272 | Pan      | Entered the realm of Lom Lobon.
 72272 | Pan      | Noticed Lom Lobon
 72297 | Pan      | Killed Lom Lobon
 72297 | Pan      | Received a gift from Okawaru
 72633 | Pan      | Found an exit through the horrors of the Abyss.
 73170 | Pan      | Received a gift from Okawaru
 73330 | Pan      | Got a magical rune of Zot
 74066 | Pan      | Got a demonic rune of Zot
 74246 | Pan      | Noticed Hyta the pandemonium lord
 74251 | Pan      | Killed Hyta the pandemonium lord
 74480 | Pan      | Reached skill level 15 in Spellcasting
 74602 | Pan      | Found a runed door.
 74634 | Pan      | Reached skill level 27 in Bows
 74877 | Pan      | Found an exit through the horrors of the Abyss.
 75095 | Pan      | Noticed Ziappa the pandemonium lord
 75107 | Pan      | Killed Ziappa the pandemonium lord
 75107 | Pan      | Received a gift from Okawaru
 75240 | Pan      | Learned a level 9 spell: Fire Storm
 75253 | Pan      | Learned a level 9 spell: Glaciate
 75266 | Pan      | Received a gift from Okawaru
 75269 | Pan      | Identified the +5 dire flail of Magnificence {elec, rPois
                  | Str-4 Dex+2} (Okawaru gifted it to you in Pandemonium)
 75271 | Pan      | Entered the realm of Cerebov.
 75552 | Pan      | Reached skill level 1 in Ice Magic
 75554 | Pan      | Reached skill level 1 in Fire Magic
 75565 | Pan      | Reached skill level 1 in Conjurations
 75681 | Pan      | Got a clouded steel ring
 75747 | Pan      | Got a warped golden ring
 75749 | Pan      | Got a brightly glowing silver ring
 75770 | Pan      | Noticed Cerebov
 75800 | Pan      | HP: 8/199 [Cerebov/great blast of fire (81)]
 75800 | Pan      | Killed Cerebov
 75835 | Pan      | Identified the ring "Nubb" {rPois MR+ Int+3} (You took it
                  | off a balrug in Pandemonium)
 75837 | Pan      | Identified the ring of Tulips {rC+ SInv} (You found it in
                  | Pandemonium)
 75839 | Pan      | Identified the ring of Zaohies {Wiz rN+} (You found it in
                  | Pandemonium)
 75950 | Pan      | Got a fiery rune of Zot
 75951 | Pan      | Identified the Collected Works on Warped Transmigration
 75978 | Pan      | Identified the Papyrus of Confrontation and Feathers
 76220 | Pan      | Received a gift from Okawaru
 76543 | Pan      | Entered the realm of Mnoleg.
 76552 | Pan      | Noticed Mnoleg
 76577 | Pan      | Received a gift from Okawaru
 76616 | Pan      | Killed Mnoleg
 76616 | Pan      | Received a gift from Okawaru
 76655 | Pan      | Gained mutation: Armour fits poorly on your strangely
                  | shaped body. [a neqoxec]
 76718 | Pan      | Lost mutation: You expend magic power (3 MP) to strengthen
                  | your wands. [a neqoxec]
 76805 | Pan      | Gained mutation: You tend to lose your temper in combat. [a
                  | neqoxec]
 76815 | Pan      | Lost mutation: You have an increased reservoir of magic.
                  | (+10% MP) [potion of mutation]
 76815 | Pan      | Lost mutation: Armour fits poorly on your strangely shaped
                  | body. [potion of mutation]
 76815 | Pan      | Lost mutation: Your spells are easier to cast, but less
                  | powerful. [potion of mutation]
 76815 | Pan      | Gained mutation: You have a pair of small antennae on your
                  | head. [potion of mutation]
 76817 | Pan      | Lost mutation: Your natural rate of healing is unusually
                  | fast. [potion of mutation]
 76817 | Pan      | Lost mutation: Your spells are a little easier to cast, but
                  | a little less powerful. [potion of mutation]
 76817 | Pan      | Gained mutation: You are clumsy. (Dex -2) [potion of
                  | mutation]
 76817 | Pan      | Gained mutation: You often lose your temper in combat.
                  | [potion of mutation]
 76817 | Pan      | Lost mutation: You are dopey. (Int -2) [potion of mutation]
 76924 | Pan      | Lost mutation: You are clumsy. (Dex -2) [potion of
                  | mutation]
 76924 | Pan      | Lost mutation: You are surrounded by a mild repulsion
                  | field. (EV +2) [potion of mutation]
 76924 | Pan      | Gained mutation: Your magical capacity is low. (-10% MP)
                  | [potion of mutation]
 76924 | Pan      | Gained mutation: Your mind is acute. (Int +2) [potion of
                  | mutation]
 77109 | Pan      | Gained mutation: You are occasionally teleported next to
                  | monsters. [a cacodemon]
 77518 | Pan      | Received a gift from Okawaru
 77558 | Pan      | Got a glowing rune of Zot
 77717 | Pan      | Noticed Wuazeyg the pandemonium lord
 77730 | Pan      | Killed Wuazeyg the pandemonium lord
 77825 | Pan      | Received a gift from Okawaru
 77848 | Pan      | Reached skill level 15 in Hexes
 78224 | Pan      | Found an exit through the horrors of the Abyss.
 78248 | Pan      | Took an exit into the Abyss.
 78248 | Abyss:1  | Escaped into the Abyss
 78374 | Abyss:3  | Found a corrupted altar of Lugonu.
 78375 | Abyss:3  | Got a faintly glowing robe
 78384 | Depths:3 | Escaped the Abyss
 78385 | Depths:3 | Identified the +1 robe "Dotiha Gosha" {rPois Dex+4 Slay+2}
                  | (You found it on level 3 of the Abyss)
 78418 | Hell     | Entered the Vestibule of Hell
 78430 | Hell     | Noticed Geryon
 78447 | Hell     | Reached skill level 10 in Necromancy
 78471 | Hell     | Killed Geryon
 78785 | Hell     | Reached skill level 5 in Conjurations
 78817 | Hell     | Noticed an ancient lich
 79081 | Hell     | Killed an ancient lich
 79081 | Hell     | Reached skill level 5 in Fire Magic
 79344 | Hell     | Found a gateway to the freezing wastes of Cocytus.
 79440 | Hell     | Reached skill level 5 in Ice Magic
 79491 | Hell     | Reached skill level 10 in Air Magic
 79578 | Hell     | Received a gift from Okawaru
 79688 | Hell     | Found a gateway to the decaying netherworld of Tartarus.
 79832 | Hell     | Found a gateway to the Iron City of Dis.
 79873 | Hell     | Found a gateway to the ashen valley of Gehenna.
 80197 | Geh:1    | Entered Level 1 of Gehenna
 80447 | Geh:2    | Received a gift from Okawaru
 80934 | Geh:2    | Received a gift from Okawaru
 81341 | Geh:4    | Reached skill level 15 in Translocations
 81644 | Geh:4    | Gained mutation: Your mind is very acute. (Int +4) [a
                  | neqoxec]
 81872 | Geh:5    | Reached skill level 15 in Charms
 82121 | Geh:5    | Received a gift from Okawaru
 82192 | Geh:5    | Identified the +1 chain mail of Integrity {rElec} (Okawaru
                  | gifted it to you on level 5 of Gehenna)
 82481 | Geh:6    | Paralysed by miscasting Deflect Missiles for 6 turns
 82525 | Geh:6    | Gained mutation: You are weak. (Str -2) [mutagenic glow]
 82601 | Geh:6    | Gained mutation: You have an uncontrollable temper.
                  | [mutagenic glow]
 82624 | Geh:6    | Gained mutation: You occasionally shout uncontrollably at
                  | your foes. [mutagenic glow]
 82797 | Geh:6    | Gained mutation: You are very weak. (Str -4) [mutagenic
                  | glow]
 82835 | Geh:6    | Gained mutation: You are frail. (-10% HP) [mutagenic glow]
 82856 | Geh:6    | Gained mutation: You are clumsy. (Dex -2) [mutagenic glow]
 82879 | Geh:7    | Entered Level 7 of Gehenna
 82933 | Geh:7    | Gained mutation: Armour fits poorly on your strangely
                  | shaped body. [mutagenic glow]
 83145 | Geh:7    | Noticed the Serpent of Hell
 83156 | Geh:7    | Killed the Serpent of Hell
 83156 | Geh:7    | Received a gift from Okawaru
 83192 | Geh:7    | Found the +0 sword of Power
 83279 | Geh:7    | Received a gift from Okawaru
 83391 | Geh:7    | Received a gift from Okawaru
 83564 | Geh:7    | Received a gift from Okawaru
 83610 | Geh:7    | Noticed Asmodeus
 83632 | Geh:7    | Killed Asmodeus
 83632 | Geh:7    | Received a gift from Okawaru
 83632 | Geh:7    | Received a gift from Okawaru
 83654 | Geh:7    | Got an obsidian rune of Zot
 83710 | Geh:7    | Received a gift from Okawaru
 83951 | Geh:7    | Received a gift from Okawaru
 84884 | Coc:1    | Entered Level 1 of Cocytus
 85074 | Coc:1    | Received a gift from Okawaru
 85356 | Coc:1    | Received a gift from Okawaru
 85629 | Coc:3    | Reached skill level 15 in Earth Magic
 85799 | Coc:4    | Killed from afar by a shard shrike

Skill      XL: |  1  2  3  4  5  6  7  8  9 10 11 12 13 14 15 16 17 18 19 20 21 22 23 24 25 26 27 |
---------------+----------------------------------------------------------------------------------+-----
Armour         | 1 3 4 5 6 7 8 10 11 12 13 14 15 21 | 21.2
Short Blades   | 1 2 |  2.9
Dodging        | 2 3 4 5 |  5.2
Bows           | 5 6 7 10 13 14 16 17 18 20 21 22 23 27 | 27.0
Fighting       | 3 4 6 7 9 10 11 13 14 15 16 18 20 21 22 23 24 25 26 27 | 27.0
Long Blades    | 1 4 7 9 |  9.3
Stealth        | 3 4 |  4.6
Invocations    | 1 2 3 5 6 7 8 9 10 13 | 13.7
Evocations     | 2 |  2.8
Hexes          | 1 2 4 6 7 8 9 10 15 | 15.9
Translocations | 1 2 4 6 7 8 9 10 15 | 15.6
Spellcasting   | 3 5 6 7 8 9 10 17 | 17.3
Charms         | 1 3 5 6 8 9 15 | 15.7
Earth Magic    | 15 | 15.0
Necromancy     | 11 | 11.2
Air Magic      | 11 | 11.2
Ice Magic      | 8 |  8.4
Fire Magic     | 8 |  8.6
Conjurations   | 9 |  9.3

Action                   |  1- 3 |  4- 6 |  7- 9 | 10-12 | 13-15 | 16-18 | 19-21 | 22-24 | 25-27 || total
-------------------------+-------+-------+-------+-------+-------+-------+-------+-------+-------++-------
Melee: Short sword       |   161 |   122 |    64 |       |       |       |       |       |       ||   347
       Long sword        |       |       |   262 |    57 |       |       |       |       |       ||   319
       Quarterstaff      |       |       |     2 |       |       |       |       |       |       ||     2
       Punch             |       |       |     1 |     1 |       |       |       |       |       ||     2
       Shortbow          |       |       |       |     2 |     1 |       |       |       |       ||     3
       Dagger            |       |       |       |       |     2 |       |       |       |       ||     2
       Longbow           |       |       |       |       |       |       |       |       |     7 ||     7
       Staff             |       |       |       |       |       |       |       |       |     4 ||     4
 Fire: Shortbow          |    49 |   102 |    18 |   569 |  1204 |       |       |       |       ||  1942
       Longbow           |       |       |       |       |   173 |  1070 |  1143 |  1444 |  6012 ||  9842
 Cast: Portal Projectile |       |       |       |       |       |       |       |     2 |    61 ||    63
       Song of Slaying   |       |       |       |       |       |       |       |     2 |    35 ||    37
       Shroud of Golubri |       |       |       |       |       |       |       |     2 |    23 ||    25
       Regeneration      |       |       |       |       |       |       |       |       |    45 ||    45
       Cause Fear        |       |       |       |       |       |       |       |       |     2 ||     2
       Swiftness         |       |       |       |       |       |       |       |       |     1 ||     1
       Deflect Missiles  |       |       |       |       |       |       |       |       |     1 ||     1
Invok: Heroism           |       |       |    11 |    12 |    20 |     4 |    11 |     4 |    23 ||    85
       Finesse           |       |       |       |     3 |    13 |     4 |    10 |     6 |    45 ||    81
 Abil: Evoke Berserk Rag |       |       |     1 |     2 |       |       |       |       |       ||     3
       Fly               |       |       |       |       |     1 |       |       |       |       ||     1
       Evoke Invisibilit |       |       |       |       |     1 |       |       |       |     1 ||     2
Evoke: Wand              |       |       |       |       |     1 |       |       |       |       ||     1
       Horn of Geryon    |       |       |       |       |       |       |       |       |     1 ||     1
  Use: Scroll            |     3 |     6 |    11 |    14 |    14 |     9 |    21 |     9 |    37 ||   124
       Potion            |       |     3 |     3 |       |       |       |     2 |    10 |    28 ||    46
 Stab: Sleeping          |     1 |       |       |       |       |       |       |       |       ||     1
       Distracted        |       |       |     1 |       |       |       |       |       |       ||     1
  Eat: Chunk             |     5 |     2 |     4 |    11 |    12 |     4 |     2 |     8 |     6 ||    54
       Ration            |       |     1 |     3 |     4 |     5 |     7 |     6 |     7 |    28 ||    61
Armor: Leather armour    |    58 |       |       |       |       |       |       |       |       ||    58
       Ring mail         |    55 |    95 |   200 |   126 |     2 |       |       |       |       ||   478
       Chain mail        |       |       |       |       |    31 |       |       |       |       ||    31
       Scale mail        |       |       |       |       |    81 |       |       |       |       ||    81
       Crystal plate arm |       |       |       |       |    55 |   367 |   308 |   556 |  1615 ||  2901
Dodge: Dodged            |   126 |   100 |   235 |   142 |   136 |    84 |   105 |   198 |   578 ||  1704
       Deflected         |       |       |       |       |       |       |       |       |     4 ||     4
       Rpst.: Long sword |       |       |    54 |    10 |       |       |       |       |       ||    64
